[Event "ICC tourney 2545 (5 3)"]
[Site "Internet Chess Club"]
[Date "2021.04.11"]
[Round "7"]
[White "byumitchell"]
[Black "jps7"]
[Result "1/2-1/2"]
[ICCResult "Game drawn by mutual agreement"]
[WhiteElo "1220"]
[BlackElo "1490"]
[Opening "French: Winawer (Nimzovich) variation"]
[ECO "C15"]
[NIC "FR.08"]
[Time "16:40:13"]
[TimeControl "300+3"]

1. e4 e6 2. d4 d5 3. Nc3 Bb4 4. exd5 exd5 5. Bd2 c6 6. a3 Bd6 7. Bd3 Nf6 8.
Nf3 O-O 9. h3 Re8+ 10. Be3 Bf4 11. Qd2 Bxe3 12. fxe3 Qe7 13. Ne5 Nbd7 14.
O-O-O Nxe5 15. dxe5 Qxe5 16. Rde1 Ne4 17. Nxe4 dxe4 18. Bc4 b5 19. Ba2 Be6
20. Bxe6 Qxe6 21. g4 Rad8 22. Qc3 Qa2 23. b4 Qe6 24. g5 g6 25. h4 Qe5 26.
Qxe5 Rxe5 27. h5 Rxg5 28. hxg6 fxg6 29. Rh6 Rg2 30. Reh1 Rd7 31. Kb2 Rg3 32.
Re1 Rd2 33. Reh1 Rd7 34. Re1 Kg7 35. Reh1 Kf6 36. Rf1+ Kg5 37. Rfh1 Rxe3 38.
Rxh7 Rxh7 39. Rxh7 Rg3 40. Rxa7 e3 41. Re7 Kf6 42. Re4 g5 43. c4 Kf5 44. Re8
Rg2+ 45. Kc3 e2 46. cxb5 cxb5 47. a4 bxa4 48. b5 a3 49. Kb3 Rg3+ 50. Ka2 Rg2
51. Kxa3 Kf6 52. b6 Rg1 53. Rxe2 Rb1 54. Rf2+ Ke6 55. Re2+ Kf5 56. Rf2+ Ke4
57. Rb2 Rf1 58. b7 Rf8 59. b8=Q Rxb8 60. Rxb8 g4 61. Rg8 Kf3 62. Kb2 g3 63.
Kc2 g2 64. Kd2 Kf2 65. Rf8+ Kg3 66. Rg8+ Kf2 67. Rf8+ Kg3
{Game drawn by mutual agreement}
1/2-1/2

[Event "ICC tourney 2545 (5 3)"]
[Site "Internet Chess Club"]
[Date "2021.04.11"]
[Round "7"]
[White "yitongjianghu"]
[Black "LightSurfer"]
[Result "0-1"]
[ICCResult "White resigns"]
[WhiteElo "1317"]
[BlackElo "1775"]
[Opening "Réti opening"]
[ECO "A04"]
[NIC "QP.10"]
[Time "16:40:56"]
[TimeControl "300+3"]

1. Nf3 c5 2. c3 Nf6 3. d4 cxd4 4. cxd4 g6 5. Nc3 Bg7 6. e4 d6 7. Bf4 O-O 8.
Bc4 Nc6 9. O-O Bg4 10. Be3 Rc8 11. Bb3 Qa5 12. h3 Bxf3 13. Qxf3 Qb4 14. Rfd1
Na5 15. Nd5 Nxd5 16. exd5 a6 17. Bg5 Rfe8 18. Qe3 Nxb3 19. axb3 Rc2 20. Ra2
h6 21. Bf4 g5 22. Bh2 Bf6 23. f4 Rec8 24. fxg5 hxg5 25. Kh1 Qb5 26. Qf3 Qe2
27. Qxe2 Rxe2 28. Ra4 Rcc2 29. Rb4 Rxg2 30. Bg1 b5 31. Ra1 Rxb2 32. Rxa6
Rgd2 33. Rxb5 Rd1 34. Rb8+ Kg7 35. Rb4 Rbb1 36. Kg2 Rxg1+ 37. Kf3 Rbf1+ 38.
Ke3 Rg3+ 39. Ke2 Rff3 40. Ra3 Rxh3 41. Rc4 Rxb3 42. Rxb3 Rxb3 43. Rc2 Bxd4
44. Rd2 Rb2 45. Kd3 Rxd2+ 46. Kxd2 Kf6 47. Kd3 Ke5 48. Ke2 Kxd5 49. Kd3 Ke5
50. Ke2 Ke4 51. Kd2 g4 52. Ke2 f5 53. Kf1 f4 54. Kg2 g3 55. Kf1 f3 56. Ke1
g2 57. Kd2 g1=Q 58. Kc2 Qe3 59. Kd1 Qe2+ 60. Kc1 Be3+ 61. Kb1 f2 {White
resigns} 0-1

[Event "ICC tourney 2545 (5 3)"]
[Site "Internet Chess Club"]
[Date "2021.04.11"]
[Round "7"]
[White "HEM"]
[Black "architect22"]
[Result "1-0"]
[ICCResult "Black checkmated"]
[WhiteElo "1635"]
[BlackElo "1380"]
[Opening "King's Indian: 6.Be2"]
[ECO "E91"]
[NIC "KI.19"]
[Time "16:40:55"]
[TimeControl "300+3"]

1. d4 Nf6 2. Nf3 g6 3. c4 Bg7 4. Nc3 d6 5. e4 O-O 6. Be2 Nbd7 7. O-O c6 8.
e5 dxe5 9. dxe5 Ne8 10. e6 fxe6 11. Ng5 Nef6 12. Nxe6 Qe8 13. Nxf8 Qxf8 14.
Be3 b6 15. Bf3 Bb7 16. c5 Rb8 17. Qb3+ Kh8 18. Rad1 Ne5 19. Qe6 Nxf3+ 20.
gxf3 Bc8 21. Qc4 b5 22. Qh4 Nh5 23. Ne4 Qxf3 24. Rd8+ Bf8 25. Bd4+ Kg8 26.
Qxe7 Bh3 27. Nf6+ Qxf6 28. Bxf6 Nxf6 29. Qxf8# {Black checkmated} 1-0

[Event "ICC tourney 2545 (5 3)"]
[Site "Internet Chess Club"]
[Date "2021.04.11"]
[Round "7"]
[White "skot"]
[Black "profudesah"]
[Result "0-1"]
[ICCResult "White checkmated"]
[WhiteElo "2011"]
[BlackElo "1865"]
[Opening "Ruy Lopez: Archangelsk (counterthrust) variation"]
[ECO "C78"]
[NIC "RL.12"]
[Time "16:41:15"]
[TimeControl "300+3"]

1. e4 e5 2. Nf3 Nc6 3. Bb5 a6 4. Ba4 Nf6 5. O-O b5 6. Bb3 Bb7 7. c3 Nxe4 8.
Re1 Nf6 9. Nxe5 Nxe5 10. Rxe5+ Be7 11. Qe2 d6 12. Re3 Nd5 13. Bxd5 Bxd5 14.
d4 f5 15. f4 Kf7 16. Nd2 Bf6 17. Nf3 Re8 18. b3 Qd7 19. Bd2 Rxe3 20. Qxe3
Re8 21. Qf2 h6 22. Rc1 Qc6 23. Rf1 a5 24. h3 a4 25. g4 fxg4 26. hxg4 b4 27.
cxb4 axb3 28. axb3 Qc2 29. g5 Bxf3 30. gxf6 Qg6+ 31. Kh2 Re2 32. Qxe2 Qh5+
33. Kg3 Qg4+ 34. Kh2 Qh4+ 35. Kg1 Qg3+ 36. Qg2 Qxg2# {White checkmated} 0-1

[Event "ICC tourney 2545 (5 3)"]
[Site "Internet Chess Club"]
[Date "2021.04.11"]
[Round "7"]
[White "cocokiu"]
[Black "oxdidi"]
[Result "1-0"]
[ICCResult "Black forfeits on time"]
[WhiteElo "1302"]
[BlackElo "1103"]
[Opening "Giuoco Piano"]
[ECO "C50"]
[NIC "IG.02"]
[Time "16:45:15"]
[TimeControl "300+3"]

1. e4 e5 2. Nf3 Nc6 3. Bc4 Bc5 4. O-O Nf6 5. Ng5 O-O 6. Nxf7 Rxf7 7. Bxf7+
Kxf7 8. c3 Nxe4 9. Qf3+ Nf6 10. Re1 d6 11. b4 Bb6 12. d3 Kg8 13. Bg5 Bg4 14.
Bxf6 Bxf3 15. Bxd8 Rxd8 16. gxf3 Rf8 17. Kg2 {Black forfeits on time} 1-0

[Event "ICC tourney 2545 (5 3)"]
[Site "Internet Chess Club"]
[Date "2021.04.11"]
[Round "7"]
[White "EVMIGR"]
[Black "Colchester"]
[Result "0-1"]
[ICCResult "White resigns"]
[WhiteElo "1462"]
[BlackElo "1625"]
[Opening "Sicilian defense"]
[ECO "B40"]
[NIC "SI.43"]
[Time "16:41:12"]
[TimeControl "300+3"]

1. e4 c5 2. Nf3 e6 3. c3 a6 4. d4 cxd4 5. cxd4 d5 6. exd5 exd5 7. Be2 Nf6 8.
O-O Be7 9. Bf4 Nc6 10. Re1 O-O 11. Nc3 Bg4 12. Ne5 Bxe2 13. Rxe2 Bb4 14.
Nxc6 bxc6 15. Qc2 Qd7 16. Be5 Ng4 17. h3 Nxe5 18. Rxe5 f6 19. Re3 Rae8 20.
Rae1 Rxe3 21. Rxe3 Re8 22. Rg3 Qe7 23. a3 Bxc3 24. Rxc3 Qe1+ 25. Kh2 Re2 26.
Qf5 Qxf2 27. Qc8+ Kf7 28. Qd7+ Re7 29. Qg4 g6 30. Rxc6 Qxb2 31. Qf4 f5 32.
Rd6 Qxa3 33. Rxd5 Qe3 34. Qd6 Qe6 35. Qc5 Qe3 36. Re5 Rxe5 37. dxe5 Qxc5
{White resigns}
0-1

[Event "ICC tourney 2545 (5 3)"]
[Site "Internet Chess Club"]
[Date "2021.04.11"]
[Round "7"]
[White "Skydancer52"]
[Black "keesparov2001"]
[Result "1-0"]
[ICCResult "Black resigns"]
[WhiteElo "1347"]
[BlackElo "933"]
[Opening "Sicilian"]
[ECO "B50"]
[NIC "SI.01"]
[Time "16:41:20"]
[TimeControl "300+3"]

1. e4 c5 2. Nf3 d6 3. Nc3 a6 4. Bc4 e6 5. O-O Nf6 6. d4 Be7 7. Be3 b5 8. Be2
Nc6 9. d5 exd5 10. exd5 Nd4 11. Bxd4 cxd4 12. Nb1 Bb7 13. Qxd4 Bxd5 14. c4
Bxf3 15. Bxf3 bxc4 16. Bxa8 Qxa8 17. Qxc4 O-O 18. Nc3 Rc8 19. Qe2 Bf8 20.
Rab1 Nd5 21. Qf3 Nxc3 22. Qxa8 Rxa8 23. bxc3 Rc8 24. Rb3 Rc4 25. Rd1 a5 26.
Rd4 Rc5 27. c4 g6 28. g3 Kg7 29. Rb5 a4 30. Rxc5 dxc5 31. Rd3 Kf6 32. Ra3
Ke5 33. Rxa4 Kd4 34. Ra8 Bg7 35. a4 Kxc4 36. a5 Kb5 37. a6 Kb6 38. Kf1 Bd4
39. f3 f5 40. Ke1 c4 41. Kd2 Be5 42. Kc2 Bd4 43. h3 Bf2 44. g4 fxg4 45. fxg4
h5 46. Rg8 hxg4 47. Rxg6+ Ka7 48. Rxg4 Kxa6 49. Rxc4 Kb5 50. Re4 Kc5 51. Kd3
Bg3 52. h4 Kd5 53. h5 Be5 54. h6 Bh8 55. h7 Kd6 56. Re8 {Black resigns} 1-0

[Event "ICC tourney 2545 (5 3)"]
[Site "Internet Chess Club"]
[Date "2021.04.11"]
[Round "7"]
[White "dcole"]
[Black "marinaxiao"]
[Result "1-0"]
[ICCResult "Black checkmated"]
[WhiteElo "1829"]
[BlackElo "1395"]
[Opening "Sicilian: Pelikan, Chelyabinsk variation"]
[ECO "B33"]
[NIC "SI.37"]
[Time "16:40:55"]
[TimeControl "300+3"]

1. e4 c5 2. Nf3 Nc6 3. d4 cxd4 4. Nxd4 Nf6 5. Nc3 e5 6. Ndb5 d6 7. Bg5 a6 8.
Na3 b5 9. Nd5 Be7 10. Bxf6 Bxf6 11. c3 O-O 12. Nc2 Bg5 13. Be2 Be6 14. Nce3
Ne7 15. O-O Nxd5 16. Nxd5 f5 17. exf5 Bxf5 18. a4 bxa4 19. Rxa4 a5 20. Bc4
Kh8 21. Qe2 Rb8 22. Rfa1 Bh4 23. g3 Bg5 24. Rxa5 Qd7 25. Ra7 Qc8 26. b4 Bg4
27. Qf1 Bf3 28. Rc7 Qd8 29. Raa7 Bxd5 30. Bxd5 Be3 31. Rxg7 Bxa7 32. Rxa7
Qb6 33. Ra2 Rbc8 34. Qh3 Rxc3 35. Be4 Rc7 36. Qh6 Qb8 37. Ra8 Qxa8 38. Bxa8
Rxa8 39. Qf6+ Kg8 40. Qxd6 Rc1+ 41. Kg2 Raa1 42. Qxe5 Rg1+ 43. Kh3 Raf1 44.
f4 Rh1 45. b5 Kf8 46. Qh8+ Ke7 47. Qxh7+ Kf6 48. Kg4 Rf2 49. Qf5+ Kg7 50.
Qe5+ Kh6 51. Qe6+ Kg7 52. Qd7+ Kg6 53. Qc6+ Kg7 54. Qxh1 Rb2 55. Qd5 Rxh2
56. b6 Rb2 57. Qd4+ Kg6 58. Qxb2 Kh6 59. b7 Kg6 60. b8=Q Kh6 61. Qf6+ Kh7
62. Qbh8# {Black checkmated} 1-0

[Event "ICC tourney 2545 (5 3)"]
[Site "Internet Chess Club"]
[Date "2021.04.11"]
[Round "7"]
[White "luckylol3"]
[Black "Jaburu"]
[Result "0-1"]
[ICCResult "White forfeits on time"]
[WhiteElo "1497"]
[BlackElo "1655"]
[Opening "Sicilian: Smith-Morra gambit"]
[ECO "B21"]
[NIC "SI.48"]
[Time "16:41:15"]
[TimeControl "300+3"]

1. e4 c5 2. d4 cxd4 3. c3 d3 4. Bxd3 Nc6 5. Nf3 d6 6. Bf4 Nf6 7. O-O g6 8.
Re1 Bg7 9. Nbd2 O-O 10. Nb3 Ng4 11. h3 Nge5 12. Nxe5 Nxe5 13. Bxe5 Bxe5 14.
Qe2 a5 15. a4 Qb6 16. Nc1 Be6 17. Bc4 Bxc4 18. Qxc4 Qxb2 19. Ne2 Rac8 20.
Qd5 Rc5 21. Rab1 Qxb1 22. Rxb1 Rxd5 23. exd5 Rb8 24. Rb5 b6 25. c4 h5 26. g3
Kf8 27. Kg2 Ke8 28. f4 Bf6 29. Kf3 Kd7 30. Ke4 Kc7 31. f5 Kb7 32. Rb1 g5 33.
Ng1 Rc8 34. Rc1 Rc5 35. g4 hxg4 36. hxg4 Rc8 37. Nf3 Rh8 38. Rg1 Kc8 39. Kd3
Rh3 40. Ke4 Kd7 41. Nd2 Bc3 42. Nf3 Bb4 43. Nxg5 Rc3 {White forfeits on
time} 0-1

[Event "ICC tourney 2545 (5 3)"]
[Site "Internet Chess Club"]
[Date "2021.04.11"]
[Round "7"]
[White "bandhu2"]
[Black "bumper10"]
[Result "0-1"]
[ICCResult "White resigns"]
[WhiteElo "1744"]
[BlackElo "2173"]
[Opening "Sicilian: Velimirovic attack"]
[ECO "B89"]
[NIC "SI.26"]
[Time "16:40:55"]
[TimeControl "300+3"]

1. e4 c5 2. Nf3 d6 3. d4 cxd4 4. Nxd4 Nf6 5. Nc3 Nc6 6. Bc4 e6 7. Be3 Be7 8.
Qe2 O-O 9. O-O-O a6 10. g4 Nxd4 11. Bxd4 b5 12. Bb3 b4 13. Na4 Bb7 14. f3
Nd7 15. Kb1 Qa5 16. Qe3 Bc6 17. Nb6 Nxb6 18. Bxb6 Qb5 19. Bc7 a5 20. Rd4 Bf6
21. Bxd6 Bxd4 22. Qxd4 Rfd8 23. Rd1 h6 24. h4 a4 25. Bc4 Rxd6 26. Qxd6 Qxc4
27. g5 a3 28. b3 Qc3 29. Qd4 hxg5 30. hxg5 Bb5 31. Kc1 Be2 32. Qxc3 bxc3 33.
Re1 Bxf3 34. Re3 Bg2 35. Rxc3 Bxe4 36. Kd2 f5 37. Ke3 Kf7 38. Kf4 Ra5 39. b4
e5+ 40. Ke3 Rb5 41. Rc7+ Kg6 42. c3 Bb1 43. Ra7 f4+ 44. Kf3 Bxa2 45. Rxa3
Bd5+ 46. Kg4 Be6+ 47. Kf3 Kxg5 48. Ra7 Bd5+ 49. Kf2 g6 50. Rd7 e4 51. Rc7
e3+ 52. Ke2 Kg4 53. c4 Rxb4 54. cxd5 Rb2+ 55. Kd3 Rd2+ 56. Ke4 e2
{White resigns}
0-1

[Event "ICC tourney 2545 (5 3)"]
[Site "Internet Chess Club"]
[Date "2021.04.11"]
[Round "7"]
[White "CPS1218"]
[Black "IAlwaysWin"]
[Result "0-1"]
[ICCResult "White checkmated"]
[WhiteElo "1346"]
[BlackElo "1586"]
[Opening "English: Neo-Catalan declined"]
[ECO "E06"]
[NIC "RE.11"]
[Time "16:41:15"]
[TimeControl "300+3"]

1. c4 e6 2. g3 d5 3. Bg2 Nf6 4. Nf3 Be7 5. O-O O-O 6. d4 c6 7. Nc3 b6 8. Ne5
Ba6 9. cxd5 cxd5 10. Re1 Nfd7 11. Nxd7 Qxd7 12. Bf4 Nc6 13. a3 Rac8 14. Rc1
Na5 15. b4 Nc4 16. Qb3 Bd6 17. Bxd6 Qxd6 18. b5 Bb7 19. a4 Na5 20. Qa2 Rc4
21. e3 Rfc8 22. Qb2 Qc7 23. Ne2 Rc2 24. Rxc2 Qxc2 25. Qa1 Nb3 26. Qd1 Qa2
27. Nf4 Rc1 28. Qxc1 Nxc1 29. Rxc1 Qxa4 30. Nd3 Qxb5 31. Ne5 f6 32. Bf1 Qb2
33. Nd3 Qb3 34. Rc7 Ba6 35. Nf4 Qb1 36. Kg2 Bxf1+ 37. Kf3 Qd1+ 38. Ne2 Qxe2+
39. Kf4 Qxf2+ 40. Kg4 Be2+ 41. Kh4 Qxh2# {White checkmated} 0-1

[Event "ICC tourney 2545 (5 3)"]
[Site "Internet Chess Club"]
[Date "2021.04.11"]
[Round "7"]
[White "Boruoh"]
[Black "Tavo"]
[Result "0-1"]
[ICCResult "White forfeits on time"]
[WhiteElo "1292"]
[BlackElo "1439"]
[Opening "Réti: advance variation"]
[ECO "A09"]
[NIC "RE.16"]
[Time "16:40:57"]
[TimeControl "300+3"]

1. Nf3 d5 2. c4 d4 3. e3 d3 4. Ne5 Bf5 5. g4 f6 6. gxf5 fxe5 7. Qh5+ Kd7 8.
Bxd3 Nf6 9. Qf7 c6 10. Qe6+ Kc7 11. Be2 e4 12. Qe5+ Kc8 13. Nc3 Nbd7 14. Qg3
Nc5 15. b4 Nd3+ 16. Bxd3 Qxd3 17. Qg1 Qxc4 18. a3 e5 19. Qf1 Qf7 20. Bb2 Bd6
21. Qg2 Qc4 22. Qf1 Qd3 23. Qxd3 exd3 24. e4 a5 25. Nd1 axb4 26. axb4 Kc7
27. Ne3 Nxe4 28. Ng4 Rae8 29. b5 h5 30. Ne3 cxb5 31. Rg1 Rhg8 32. Rg6 Nf6
33. Ra5 Kb6 34. Ra2 Kc5 35. Bc3 b6 36. Ra6 b4 37. Bxb4+ Kxb4 38. Rxb6+ Kc5
39. Rb7 Re7 40. Rxe7 Bxe7 41. Kf1 Kd4 42. Kg2 Ke4 {White forfeits on time}
0-1

[Event "ICC tourney 2545 (5 3)"]
[Site "Internet Chess Club"]
[Date "2021.04.11"]
[Round "7"]
[White "Ohanessian"]
[Black "Grayson0405"]
[Result "1-0"]
[ICCResult "Black resigns"]
[WhiteElo "1985"]
[BlackElo "1515"]
[Opening "Sicilian: dragon, classical attack"]
[ECO "B72"]
[NIC "SI.16"]
[Time "16:40:55"]
[TimeControl "300+3"]

1. e4 c5 2. Nf3 d6 3. d4 cxd4 4. Nxd4 Nf6 5. Nc3 g6 6. Be3 Bg7 7. Be2 O-O 8.
g4 Nc6 9. g5 Ne8 10. Qd2 Qb6 11. Ndb5 Qa5 12. a3 Nc7 13. Nxc7 Qxc7 14. Nd5
Qd8 15. O-O-O Be6 16. h4 Rc8 17. h5 Bxd5 18. exd5 Na5 19. Bd4 Nb3+ 20. Kb1
Nxd2+ 21. Rxd2 Bxd4 22. Rxd4 Qc7 23. c4 Qc5 24. Rdh4 Qxf2 25. hxg6 Qf5+ 26.
Ka1 Qxg6 27. R1h3 Kh8 28. Bd3 Qxd3 29. Rxd3 Rg8 30. Rf3 Rcf8 31. Rf5 Kg7 32.
Re4 Re8 33. Ref4 Rgf8 34. Rh4 Kg6 35. Rf2 Kxg5 36. Rh1 h5 37. Rg2+ Kf6 38.
Rxh5 Rh8 39. Rf2+ Kg6 40. Rhf5 f6 41. R5f3 Kf7 42. Ka2 Reg8 43. Rb3 b6 44.
Re2 Rg4 45. Rbe3 Re8 46. Kb3 f5 47. Kb4 Rg6 48. Kb5 e6 49. Kc6 e5 50. Rh3
Kf6 51. Kxd6 Rc8 52. Rxe5 Rxc4 53. Re6+ Kg7 54. Rxg6+ Kxg6 55. Ke6 Re4+ 56.
Kd7 f4 57. d6 Re3 58. Rh8 Kg7 59. Rh4 f3 60. Rf4 Kg6 61. Kc7 Kg5 62. Rf8 Kg4
63. d7 Re7 64. Kd6 Re1 65. d8=Q Rd1+ 66. Kc7 Rxd8 67. Kxd8 f2 68. Rxf2
{Black resigns}
1-0

[Event "ICC tourney 2545 (5 3)"]
[Site "Internet Chess Club"]
[Date "2021.04.11"]
[Round "7"]
[White "jbowman3"]
[Black "DWGriff"]
[Result "1-0"]
[ICCResult "Black resigns"]
[WhiteElo "1416"]
[BlackElo "1686"]
[Opening "Dunst (Sleipner, Heinrichsen) opening"]
[ECO "A00"]
[NIC "VO.15"]
[Time "16:40:33"]
[TimeControl "300+3"]

1. Nc3 d5 2. e4 d4 3. Nce2 e5 4. Ng3 Nf6 5. Nf3 Bd6 6. Bc4 O-O 7. d3 h6 8.
O-O Bg4 9. h3 Bxf3 10. Qxf3 Nbd7 11. Nf5 Nb6 12. Qg3 Nh5 13. Nxh6+ Kh7 14.
Qg4 gxh6 15. Qf5+ Kg7 16. Qxh5 Qf6 17. Qg4+ Kh7 18. Qf5+ Qxf5 19. exf5 Nxc4
20. dxc4 c5 21. Bd2 Rae8 22. a4 e4 23. g3 Re5 24. Bf4 Rfe8 25. Bxe5 Rxe5 26.
Kg2 Rxf5 27. Rae1 Re5 28. f3 e3 29. f4 Re4 30. Kf3 Re7 31. g4 Kg6 32. h4 f5
33. g5 hxg5 34. hxg5 Rh7 35. Rh1 Rh5 36. Rxh5 Kxh5 37. Rg1 Kg6 38. Rh1 Bf8
39. Rh2 Bg7 40. b3 b6 41. Ke2 Kf7 42. Rh1 Kg6 43. Rd1 Kf7 44. c3 Kg6 45.
cxd4 Bxd4 46. Rh1 Kg7 47. Rh6 Kf7 48. Rd6 Ke7 49. Rd5 Ke6 50. Rd8 Ke7 51.
Ra8 Kf7 52. Rxa7+ Kg6 53. Rb7 Kh5 54. Rxb6 Kg4 55. g6 Kxf4 56. g7 Bxg7 57.
a5 Ke4 58. Re6+ Be5 59. Rxe5+ Kxe5 60. a6 Kd6 61. a7 Kc7 62. a8=Q f4 63. Qf3
{Black resigns}
1-0

[Event "ICC tourney 2545 (5 3)"]
[Site "Internet Chess Club"]
[Date "2021.04.11"]
[Round "7"]
[White "SamerOnFire"]
[Black "Rickyb"]
[Result "0-1"]
[ICCResult "White resigns"]
[WhiteElo "1592"]
[BlackElo "2176"]
[Opening "Sicilian"]
[ECO "B50"]
[NIC "SI.01"]
[Time "16:40:55"]
[TimeControl "300+3"]

1. e4 c5 2. Nf3 d6 3. d3 Nc6 4. Nc3 Nf6 5. g3 g6 6. Bg2 Bg7 7. O-O Rb8 8. a4
O-O 9. Nh4 a6 10. f4 Bd7 11. f5 b5 12. axb5 axb5 13. g4 b4 14. Ne2 Nxg4 15.
h3 Nge5 16. fxg6 fxg6 17. Bg5 Nf7 18. Bc1 Qc8 19. Kh2 Be5+ 20. Bf4 Bxf4+ 21.
Rxf4 g5 22. Rxf7 Rxf7 23. Nf3 Rg7 24. Ng3 g4 25. Nh4 gxh3 26. Bf1 Ne5 27.
Ngf5 Ng4+ 28. Qxg4 Rxg4 29. Nxe7+ Kf7 30. Nxc8 Bxc8 31. Ra7+ Kf8 32. Rxh7
Kg8 33. Rh5 Rf4 34. Bxh3 Bxh3 35. Kxh3 Rf2 36. Rg5+ Kf7 37. Rf5+ Rxf5 38.
Nxf5 Ke6 39. Kg3 Ra8 40. Ne3 Ra2 41. Nc4 Ra1 42. Kf2 Rc1 43. Ne3 Rh1 44. Kg2
Rb1 45. Nc4 b3 46. cxb3 Rd1 47. Kf2 Rxd3 48. Ke2 Rxb3 49. Kd2 Rh3 50. Ke2 d5
51. exd5+ Kxd5 52. Nb6+ Kd4 53. Kd2 Rb3 54. Na4 Rb4 55. b3 Rxb3 56. Kc2 Rh3
57. Nb6 c4 58. Na4 Rh2+ 59. Kb1 c3 60. Kc1 Kc4 61. Nb6+ Kb3 {White resigns}
0-1

[Event "ICC tourney 2545 (5 3)"]
[Site "Internet Chess Club"]
[Date "2021.04.11"]
[Round "7"]
[White "MichaelIC"]
[Black "pribi1978"]
[Result "1-0"]
[ICCResult "Black resigns"]
[WhiteElo "1578"]
[BlackElo "1649"]
[Opening "French: Tarrasch, open variation"]
[ECO "C07"]
[NIC "FR.18"]
[Time "16:40:55"]
[TimeControl "300+3"]

1. e4 e6 2. d4 d5 3. Nd2 c5 4. Ngf3 cxd4 5. exd5 Qxd5 6. Bc4 Qd6 7. O-O Nf6
8. Nb3 Nc6 9. Nbxd4 Nxd4 10. Nxd4 Be7 11. Re1 O-O 12. c3 Bd7 13. Qf3 Qc7 14.
Bd3 Rad8 15. Bf4 Bd6 16. Bxd6 Qxd6 17. Rad1 Qc7 18. Bb1 a5 19. Qg3 Qxg3 20.
hxg3 g6 21. Bd3 Rfe8 22. Bb5 Bxb5 23. Nxb5 Nd5 24. Rd2 Nb6 25. Red1 Rxd2 26.
Rxd2 Nc4 27. Rd7 b6 28. b3 Ne5 29. Rd6 Rb8 30. c4 a4 31. f3 axb3 32. axb3
Kf8 33. Kf2 Ke7 34. g4 Nd7 35. Rd1 Nc5 36. b4 Na6 37. Rb1 Rc8 38. Na3 e5 39.
Ke3 Ke6 40. Rh1 Nxb4 41. Rb1 Ra8 42. Nb5 Nc2+ 43. Kd2 Na3 44. Nxa3 Rxa3 45.
Rxb6+ Ke7 46. Kc2 Ra2+ 47. Rb2 Rxb2+ 48. Kxb2 Kd6 49. g5 Ke6 50. Kc3 f5 51.
gxf6 Kxf6 52. Kd3 Kf5 53. c5 Ke6 54. Ke4 h5 55. c6 Kd6 56. c7 Kxc7 57. Kxe5
g5 58. Kf5 g4 59. f4 Kd8 60. Kg5 Ke7 61. Kxh5 g3 62. Kg4 Kf6 63. Kxg3
{Black resigns}
1-0

[Event "ICC tourney 2545 (5 3)"]
[Site "Internet Chess Club"]
[Date "2021.04.11"]
[Round "7"]
[White "RoadToFM2007"]
[Black "SunKing007"]
[Result "1-0"]
[ICCResult "Black checkmated"]
[WhiteElo "1914"]
[BlackElo "1681"]
[Opening "King's pawn opening"]
[ECO "B07"]
[NIC "VO.17"]
[Time "16:40:55"]
[TimeControl "300+3"]

1. e4 d6 2. d4 g6 3. g3 Bg7 4. Bg2 Nf6 5. Nc3 O-O 6. Nge2 e5 7. h3 exd4 8.
Nxd4 Re8 9. O-O Nc6 10. Be3 Bd7 11. Qd2 Qc8 12. Kh2 h5 13. f3 Ne5 14. Qe2 c5
15. Nb3 a5 16. a4 Nc6 17. Rad1 d5 18. Nxc5 h4 19. Nxd7 Qxd7 20. Nxd5 hxg3+
21. Kh1 Nxd5 22. Rxd5 Qe7 23. c3 Rad8 24. Rfd1 Rxd5 25. Rxd5 f5 26. Qc4 Kh8
27. Bf4 Qh4 28. Bd6 Bf6 29. Rd1 Be5 30. Qf7 Rd8 31. Qxg6 fxe4 32. Bxe5+ Nxe5
33. Rxd8+ Qxd8 34. Qxg3 Qd1+ 35. Kh2 Nxf3+ 36. Bxf3 exf3 37. Qb8+ Kg7 38.
Qxb7+ Kf6 39. Qb6+ Kf5 40. Qf2 Qe2 41. Kg3 Ke4 42. Qxe2+ fxe2 43. Kf2 Kd3
44. Ke1 Kc2 45. c4 Kxb2 46. c5 Ka3 47. c6 Kxa4 48. c7 Kb3 49. c8=Q a4 50.
Qb7+ Ka2 51. Kxe2 a3 52. Kd2 Ka1 53. Kc2 a2 54. Qb2# {Black checkmated} 1-0

[Event "ICC tourney 2545 (5 3)"]
[Site "Internet Chess Club"]
[Date "2021.04.11"]
[Round "7"]
[White "Havanah"]
[Black "Finlidor"]
[Result "0-1"]
[ICCResult "White forfeits on time"]
[WhiteElo "1428"]
[BlackElo "2090"]
[Opening "KP: Nimzovich defense"]
[ECO "B00"]
[NIC "VO.04"]
[Time "16:41:35"]
[TimeControl "300+3"]

1. e4 Nc6 2. d4 e5 3. dxe5 Nxe5 4. f4 Ng6 5. Nf3 Bc5 6. Nc3 Nf6 7. Bd3 O-O
8. Na4 Bb4+ 9. c3 Be7 10. b4 d5 11. e5 Ne4 12. O-O Bd7 13. Bxe4 dxe4 14. Nd4
a5 15. Nc5 Bc8 16. Nxe4 axb4 17. cxb4 Bxb4 18. Nf3 Be6 19. a3 Ba5 20. Qe2
Ne7 21. Nfg5 Bf5 22. Rd1 Nd5 23. Nc5 Bb6 24. Qc4 c6 25. Kh1 Qe7 26. Nce4 h6
27. Nf3 Be3 28. Nd6 Bg4 29. Re1 Ba7 30. Bb2 Bxf3 31. gxf3 Qh4 32. Re4 Qh3
33. Qd3 b5 34. Bd4 b4 35. Bxa7 Rxa7 36. Rg1 Rxa3 37. Qb1 Qxf3+ 38. Rg2 Nxf4
{White forfeits on time}
0-1

[Event "ICC tourney 2545 (5 3)"]
[Site "Internet Chess Club"]
[Date "2021.04.11"]
[Round "7"]
[White "AtharvRB"]
[Black "supergirl06"]
[Result "1-0"]
[ICCResult "Black checkmated"]
[WhiteElo "1583"]
[BlackElo "1462"]
[Opening "Queen's pawn: Charlick (Englund) gambit"]
[ECO "A40"]
[NIC "QO.17"]
[Time "16:41:14"]
[TimeControl "300+3"]

1. d4 e5 2. dxe5 Bc5 3. Nc3 Ne7 4. e3 Nbc6 5. Nf3 d6 6. exd6 cxd6 7. b3 Bb4
8. Bb2 Bg4 9. h3 Bh5 10. g4 Bg6 11. Bd3 a6 12. a3 Ba5 13. b4 Bb6 14. Qd2 O-O
15. h4 Bxd3 16. Qxd3 Ne5 17. Nxe5 dxe5 18. Qe4 Qd6 19. g5 g6 20. h5 f5 21.
gxf6 Qxf6 22. hxg6 hxg6 23. Qg2 Rf7 24. O-O-O Rg7 25. Qxb7 Rf8 26. Qxa6
Bxe3+ 27. fxe3 Qxa6 28. Rh2 Qb6 29. Rdh1 Qxe3+ 30. Kb1 Kf7 31. Rf1+ Ke8 32.
Rd1 Qg3 33. Rhd2 Kf7 34. a4 Rb8 35. b5 Rh7 36. Rd7 Rh2 37. Nd5 Ke6 38. Rxe7+
Kf5 39. Rf1+ Kg5 40. Rxe5+ Kh6 41. Bc1+ Kg7 42. Re7+ Kg8 43. Nf6+ Kf8 44.
Ne4+ Kxe7 45. Nxg3 Rh4 46. Rf4 Rh6 47. Re4+ Kf6 48. Bxh6 g5 49. c4 Rd8 50.
Kc2 Rc8 51. a5 Ra8 52. a6 Kg6 53. Bxg5 Kxg5 54. Kb3 Kf6 55. c5 Rb8 56. b6
Rc8 57. Kb4 Rd8 58. a7 Kg5 59. b7 Kf6 60. b8=Q Rxb8+ 61. axb8=Q Kg5 62. Qg8+
Kf6 63. Nh5+ Kf5 64. Qg4# {Black checkmated} 1-0

[Event "ICC tourney 2545 (5 3)"]
[Site "Internet Chess Club"]
[Date "2021.04.11"]
[Round "7"]
[White "Ecalevolkk"]
[Black "wiiiiiieee"]
[Result "1-0"]
[ICCResult "Black resigns"]
[WhiteElo "1657"]
[BlackElo "1450"]
[Opening "Queen's pawn: London system"]
[ECO "A45"]
[NIC "QP.07"]
[Time "16:41:32"]
[TimeControl "300+3"]

1. d4 Nf6 2. Bf4 d6 3. e3 Nbd7 4. Nf3 g6 5. Be2 Bg7 6. O-O O-O 7. h3 c5 8.
c3 b6 9. Nbd2 Bb7 10. a4 cxd4 11. exd4 Nd5 12. Bh2 a5 13. Re1 N7f6 14. Nc4
Rc8 15. Na3 Qd7 16. Nb5 Bc6 17. Bd3 Rfe8 18. Qd2 Nh5 19. g4 Ndf4 20. Bxf4
Bxf3 21. Be4 Nxf4 22. Qxf4 Bxe4 23. Qxe4 d5 24. Qf4 Rc6 25. Re2 Rf6 26. Qg3
Rc6 27. Rae1 e6 28. f4 Rc4 29. b3 Rc6 30. f5 gxf5 31. gxf5 e5 32. Rg2 Rg6
33. fxg6 hxg6 34. dxe5 Qf5 35. Rf2 Qh5 36. Qf3 Qg5+ 37. Rg2 Qh4 38. Rg4
Qxe1+ 39. Kg2 Qd2+ 40. Qf2 Qxf2+ 41. Kxf2 Rxe5 42. Rg3 Rf5+ 43. Ke2 Be5 44.
Rd3 Bf6 45. Nc7 Re5+ 46. Kf3 Rh5 47. Kg2 Rg5+ 48. Kf3 Rh5 49. Kg2 Be5 50.
Nxd5 Rg5+ 51. Kf3 Rg3+ 52. Ke4 Rxd3 53. Kxd3 f5 54. Nxb6 Kf7 55. Nc4 Bc7 56.
b4 axb4 57. cxb4 Ke6 58. b5 Kd5 59. b6 Bb8 60. a5 f4 61. a6 f3 62. a7 Bxa7
63. bxa7 f2 64. Ke2 Kxc4 65. a8=Q {Black resigns} 1-0